 Dungeon Crawl Stone Soup version 0.27-a0-1136-g0b992a5a9d (webtiles) character file.

Game seed: 14037050364969254755

140 leviel the Covert (level 5, 0/47 HPs)
             Began as a Gnoll Delver on May 5, 2021.
             Slain by a gnoll
             ... wielding a +0 flail
              (7 damage)
             ... on level 3 of the Dungeon.
             The game lasted 00:03:21 (530 turns).

leviel the Covert (Gnoll Delver)                     Turns: 530, Time: 00:03:22

Health: 0/47       AC:  4    Str: 13    XL:     5   Next: 23%
Magic:  7/7        EV: 13    Int:  9    God:
Gold:   63         SH:  0    Dex: 13    Spells: 6/6 levels left

rFire    . . .     SeeInvis .   j - +2 long sword (freeze)
rCold    . . .     Faith    .   (no shield)
rNeg     . . .     Spirit   .   b - +0 leather armour
rPois    .         Reflect  .   (no helmet)
rElec    .         Harm     .   (no cloak)
rCorr    .         Rampage  .   (no gloves)
Will     .....                  l - +0 pair of boots
Stlth    ++++......             (no amulet)
HPRegen  0.15/turn              (no ring)
MPRegen  0.10/turn              (no ring)

@: no status effects
A: fangs 1, strong nose, distributed training
a: no special abilities


You were on level 3 of the Dungeon.
You visited 1 branch of the dungeon, and saw 3 of its levels.

You collected 63 gold pieces.

Inventory:

Hand Weapons
 a - a +0 falchion
 j - a +2 long sword of freezing (weapon)
Armour
 b - a +0 leather armour (worn)
 l - a +0 pair of boots (worn)
Wands
 g - a wand of digging (3)
 h - a wand of flame (17)
 i - a wand of mindburst (5) (quivered)
Scrolls
 c - a scroll of fog
 d - a scroll of magic mapping
 e - a scroll of fear
 k - a scroll of silence {unknown}
Potions
 f - a potion of haste


   Skills:
 + Level 6.6 Fighting
 + Level 1.4 Short Blades
 + Level 4.7 Long Blades
 + Level 1.4 Axes
 + Level 1.4 Maces & Flails
 + Level 1.4 Polearms
 + Level 1.4 Staves
 + Level 1.4 Slings
 + Level 1.4 Bows
 + Level 1.4 Crossbows
 + Level 1.4 Throwing
 + Level 1.4 Armour
 + Level 4.7 Dodging
 + Level 9.6 Stealth
 + Level 1.4 Shields
 + Level 1.4 Unarmed Combat
 + Level 1.4 Spellcasting
 + Level 1.1 Conjurations
 + Level 1.1 Hexes
 + Level 1.1 Summonings
 + Level 1.1 Necromancy
 + Level 1.1 Translocations
 + Level 1.1 Transmutations
 + Level 1.1 Fire Magic
 + Level 1.1 Ice Magic
 + Level 1.1 Air Magic
 + Level 1.1 Earth Magic
 + Level 1.1 Poison Magic
 + Level 1.5 Invocations
 + Level 1.4 Evocations


You had 6 spell levels left.
You didn't know any spells.
Your spell library was empty.

Dungeon Overview and Level Annotations

Branches:
Dungeon (5/15)
 Temple: D:4-7

Altars:


Innate Abilities, Weirdness & Mutations

You have very sharp teeth.
Your uncanny sense of smell can sniff out nearby items.
Your experience applies equally to all skills.


Message History

The gnoll shouts!
You hear a shout!
The gnoll hits you with a +0 flail.
You slash the gnoll! You freeze the gnoll.
The gnoll is severely wounded.
The gnoll hits you with a +0 flail.
You barely miss the gnoll.
The gnoll is severely wounded.
The gnoll hits you with a +0 flail!
A kobold comes into view. It is wielding a +0 whip.
You hit the gnoll. You freeze the gnoll. Your bite misses the gnoll.
The gnoll is almost dead.
The gnoll hits you with a +0 flail. The gnoll completely misses you.
You hit the gnoll but do no damage. You bite the gnoll, but do no damage.
The gnoll is almost dead.
The gnoll hits you with a +0 flail.
You are too injured to fight recklessly!
You are too injured to fight recklessly!
You are too injured to fight recklessly!
Unknown command.
You barely miss the gnoll.
The gnoll is almost dead.
The gnoll hits you with a +0 flail.
You closely miss the gnoll.
The gnoll is almost dead.
The gnoll hits you with a +0 flail!
* * * LOW HITPOINT WARNING * * *
There is a stone staircase leading up here.
The gnoll misses you.
You riposte.
You barely miss the gnoll.
The gnoll is almost dead.
You climb upwards.
An endoplasm comes into view.
There is a stone staircase leading down here.
Okay, then.
Aiming: Mindburst
Press: ? - help, Q - select action, (/) - cycle Shift-Dir - straight line, f - gnoll
Aim: a gnoll, wielding a +0 flail (almost dead, chance to affect: 78%)
The gnoll barely resists.
The endoplasm quivers.
The gnoll hits you with a +0 flail!
You die...

# .#
.
###.#
##.#.
...
#.#
#@#
#g#
#>#
#J..#
#.###
#.#
#.#
..#
#.#


You could see a gnoll and an endoplasm.

Vanquished Creatures
  A black bear (D:4)
  An orc wizard (D:4)
  A hound skeleton (D:4)
  4 orcs (D:4)
  An endoplasm (D:4)
  A goblin (D:4)
  A hobgoblin (D:4)
  2 kobolds (D:4)
12 creatures vanquished.

Notes
Turn   | Place    | Note
-------+----------+-------------------------------------------
     0 | D:5      | Reached skill level 9 in Stealth
     0 | D:5      | leviel the Gnoll Delver began the quest for the Orb.
     0 | D:5      | Reached XP level 1. HP: 23/23 MP: 1/1
     1 | D:5      | Noticed an iguana
    89 | D:4      | Noticed a black bear
   223 | D:4      | Killed a black bear
   224 | D:4      | Reached skill level 1 in Short Blades
   224 | D:4      | Reached skill level 1 in Axes
   224 | D:4      | Reached skill level 1 in Maces & Flails
   224 | D:4      | Reached skill level 1 in Polearms
   224 | D:4      | Reached skill level 1 in Staves
   224 | D:4      | Reached skill level 1 in Slings
   224 | D:4      | Reached skill level 1 in Bows
   224 | D:4      | Reached skill level 1 in Crossbows
   224 | D:4      | Reached skill level 1 in Throwing
   224 | D:4      | Reached skill level 1 in Armour
   224 | D:4      | Reached skill level 1 in Shields
   224 | D:4      | Reached skill level 1 in Unarmed Combat
   224 | D:4      | Reached skill level 1 in Spellcasting
   224 | D:4      | Reached skill level 1 in Conjurations
   224 | D:4      | Reached skill level 1 in Hexes
   224 | D:4      | Reached skill level 1 in Summonings
   224 | D:4      | Reached skill level 1 in Necromancy
   224 | D:4      | Reached skill level 1 in Translocations
   224 | D:4      | Reached skill level 1 in Transmutations
   224 | D:4      | Reached skill level 1 in Fire Magic
   224 | D:4      | Reached skill level 1 in Ice Magic
   224 | D:4      | Reached skill level 1 in Air Magic
   224 | D:4      | Reached skill level 1 in Earth Magic
   224 | D:4      | Reached skill level 1 in Poison Magic
   224 | D:4      | Reached skill level 1 in Invocations
   224 | D:4      | Reached skill level 1 in Evocations
   224 | D:4      | Reached XP level 2. HP: 22/29 MP: 1/3
   224 | D:4      | Reached XP level 3. HP: 26/35 MP: 1/4
   224 | D:4      | Reached XP level 4. HP: 31/41 MP: 1/5
   328 | D:4      | Reached XP level 5. HP: 47/47 MP: 5/7
   530 | D:3      | Slain by a gnoll

Illustrated notes

Levels and vault maps discovered:
D:3:      minmay_evil_eye, layout_loops_ring, minivault_25
D:4:      layout_basic, corexii_checkpoint_a
D:5:      minmay_clustersquares, layout_basic, serial_rivers,
          chequers_serial_rivers_room_b, chequers_serial_rivers_micro_c,
          chequers_serial_rivers_small_b, chequers_serial_rivers_micro_b,
          chequers_serial_rivers_micro_e, chequers_serial_rivers_small_3,
          serial_shops, shop, st_stairs_9, goddamned_bats, uniq_sigmund,
          uniq_blork_the_orc

Skill      XL: |  1 |
---------------+----+-----
Stealth        | |  9.6
Short Blades   | 1 |  1.4
Axes           | 1 |  1.4
Maces & Flails | 1 |  1.4
Polearms       | 1 |  1.4
Staves         | 1 |  1.4
Slings         | 1 |  1.4
Bows           | 1 |  1.4
Crossbows      | 1 |  1.4
Throwing       | 1 |  1.4
Armour         | 1 |  1.4
Shields        | 1 |  1.4
Unarmed Combat | 1 |  1.4
Spellcasting   | 1 |  1.4
Conjurations   | 1 |  1.1
Hexes          | 1 |  1.1
Summonings     | 1 |  1.1
Necromancy     | 1 |  1.1
Translocations | 1 |  1.1
Transmutations | 1 |  1.1
Fire Magic     | 1 |  1.1
Ice Magic      | 1 |  1.1
Air Magic      | 1 |  1.1
Earth Magic    | 1 |  1.1
Poison Magic   | 1 |  1.1
Invocations    | 1 |  1.5
Evocations     | 1 |  1.4
Fighting       | |  6.6
Long Blades    | |  4.7
Dodging        | |  4.7

Action                   |  1- 3 |  4- 6 || total
-------------------------+-------+-------++-------
Melee: Long sword        |     2 |    22 ||    24
       Falchion          |     2 |       ||     2
       Bite              |       |     5 ||     5
Evoke: Wand              |     2 |     3 ||     5
 Stab: Sleeping          |     2 |       ||     2
Armor: Leather armour    |     1 |     2 ||     3
Dodge: Dodged            |     5 |    10 ||    15
       Rpst.: Long sword |     1 |     5 ||     6
       Falchion          |     1 |       ||     1

Table legend: (Time is in decaauts)
 A = Elapsed time spent in this place.
 B = Non-inter-level travel time spent in this place.
 C = Inter-level travel time spent in this place.
 D = Time resting spent in this place.
 E = Time spent auto-exploring this place.
 F = Levels seen in this place.
 G = Mean time per level.
                   A        B        C        D        E       F      G
               +--------+--------+--------+--------+--------+-----+--------+
         Total |    533 |    533 |      0 |     33 |    266 |   3 |  177.7 |
       Dungeon |    533 |    533 |      0 |     33 |    266 |   3 |  177.7 |
               +--------+--------+--------+--------+--------+-----+--------+

Top non-repeatable levels by time:
     D:4: 507 daAuts
     D:5: 23 daAuts
     D:3: 2 daAuts
